 Dungeon Crawl Stone Soup version 0.22-a0-377-g846bec1 (webtiles) character file.

1171 Falco the Thaumaturge (level 8, 36/37 HPs)
             Began as a Spriggan Wizard on Apr 27, 2018.
             Was a Priest of Yredelemnul.
             Quit the game on level 8 of the Dungeon on Apr 28, 2018.
             The game lasted 01:30:00 (8132 turns).

Falco the Thaumaturge (Spriggan Wizard)             Turns: 8132, Time: 01:30:00

Health: 36/37      AC:  2    Str:  3    XL:     8   Next: 18%
Magic:  17/30      EV: 19    Int: 21    God:    Yredelemnul [***...]
Gold:   14         SH:  0    Dex: 15    Spells: 11/24 levels left

rFire    . . .     SeeInvis +   l - +2 hand axe (chop)
rCold    . . .     Gourm    .   (shield restricted)
rNeg     . . .     Faith    .   a - +0 robe
rPois    .         Spirit   .   b - +0 hat
rElec    .         Reflect  .   (no cloak)
rCorr    .         Harm     .   (gloves unavailable)
MR       +....                  (boots unavailable)
Stlth    +++.......             (no amulet)
HPRegen  0.12/turn              c - ring of wizardry
MPRegen  0.22/turn              t - ring of magical power

@: very quick
A: very small, unfitting armour, see invisible, herbivore, speed 3, slow
metabolism 2
a: Recall Undead Slaves, Injury Mirror, Animate Dead, Renounce Religion


You were on level 8 of the Dungeon.
You worshipped Yredelemnul.
Yredelemnul was most pleased with you.
You were not hungry.

You visited 1 branch of the dungeon, and saw 7 of its levels.

You collected 216 gold pieces.
You spent 202 gold pieces at shops.

Inventory:

Hand Weapons
 e - a +0 dagger
 l - a +2 hand axe of chopping (weapon)
 o - a +0 hunting sling
 G - a +0 dagger of chaos
Missiles
 g - 174 stones (quivered)
 i - 20 tomahawks
 q - 43 bolts
 A - 2 steel javelins
 E - 2 throwing nets
 H - 2 poisoned tomahawks
Armour
 a - a +0 robe (worn)
 b - a +0 hat (worn)
 j - a +0 robe
Jewellery
 c - a ring of wizardry (left hand)
 t - a ring of magical power (right hand)
 u - an uncursed ring of resist corrosion
 F - an uncursed ring of see invisible
Scrolls
 f - a scroll of immolation {unknown}
 h - 2 scrolls of magic mapping {unknown}
 k - 4 scrolls of teleportation
 x - a scroll of fog {unknown}
 y - 3 scrolls of enchant weapon {unknown}
 B - a scroll of remove curse {unknown}
 C - a scroll of random uselessness {unknown}
 D - 2 scrolls of amnesia {unknown}
 J - a scroll of enchant armour
 K - a scroll of fear {unknown}
Potions
 m - a potion of ambrosia
 n - a potion of might
 p - 2 potions of brilliance
 r - a potion of degeneration {unknown}
 s - a potion of berserk rage {unknown}
 v - a potion of curing
 w - a potion of haste
 z - a potion of magic {unknown}
 I - a potion of cancellation {unknown}
Comestibles
 d - 10 rations


   Skills:
 + Level 0.6 Fighting
 + Level 2.0 Axes
 + Level 4.0 Dodging
 + Level 4.7 Stealth
 + Level 8.8 Spellcasting
 + Level 1.6 Conjurations
 + Level 4.1 Summonings
 + Level 1.5 Translocations
 + Level 0.1 Fire Magic
 + Level 1.3 Invocations


You had 11 spell levels left.
You knew the following spells:

 Your Spells              Type           Power        Failure   Level  Hunger
a - Magic Dart            Conj           ###.         1%          1    None
b - Blink                 Tloc           N/A          2%          2    None
c - Call Imp              Summ           ####....     1%          2    None
d - Slow                  Hex            #.......     4%          2    None
e - Mephitic Cloud        Conj/Pois/Air  ##......     7%          3    None
f - Conjure Flame         Conj/Fire      ##......     6%          3    None


Dungeon Overview and Level Annotations

Branches:
Dungeon (6/15)             Temple (0/1) D:6

Altars:
Dithmenos
Elyvilon
Fedhas
Gozag
Kikubaaqudgha
Okawaru
Qazlal
Sif Muna
Uskayaw
Vehumet
Xom
Yredelemnul
The Shining One

Shops:
D:5 ?   D:6 !

Annotations:
D:3 exclusion: oklob plant
D:8 Psyche


Innate Abilities, Weirdness & Mutations

You are very small and have problems with some larger weapons.
You are too small for most types of armour.
You have supernaturally acute eyesight. (SInv)
You are a herbivore.
You cover ground extremely quickly.
You need to consume almost no food.


Message History

Psyche looks braver for a moment.
Psyche closely misses you. Psyche hits you with a dagger of chaos.
Space bends around you.
Your surroundings suddenly seem different.
An electric eel comes into view.
You start resting.
Found an opulent altar of Gozag.
Found 5 gold pieces.
Found 9 gold pieces.
Found a stone staircase leading up.
An ice beast comes into view.
Found 16 stones.
Found 2 arrows.
Found a granite ring. 2 orcs come into view.
The orc shouts!
Found a ring mail.
An orc comes into view. It is wielding a trident.
Found 19 stones.
Found a stone staircase leading up.
An orc comes into view.
Are you sure you want to abandon this character and quit the game? (Confirm with "yes".)

......#.8...8.###
Y.....##.....##
....$..###.####
..............+
..............##+######
..........#............
.......#.....(..####.
..(#+#.#............<
... #.......@.##... ..
#.........=#
............#
....#..........
..............oo
...####.......o.. .[
....≈......
...........(


You could see 3 orcs.

Vanquished Creatures
  A bullfrog (D:6)
  A crimson imp (D:2)
  3 orc priests
  An iguana (D:6)
  A worker ant (D:4)
  A hound skeleton (D:4)
  A gnoll (D:4)
  2 adders
  A shadow imp (D:5)
  4 oozes
  3 worms
  4 dart slugs
  A leopard gecko (D:5)
  4 orcs
  8 bats
  9 giant cockroaches
  6 goblins
  9 hobgoblins
  4 jackals (D:1)
  2 kobolds (D:2)
  A quokka (D:6)
  4 ball pythons
  7 frilled lizards
  A jackal skeleton (D:6)
  A leopard gecko skeleton (D:5)
  A quokka zombie (D:5)
  3 rats
  A spectral orc (D:2)
85 creatures vanquished.

Vanquished Creatures (collateral kills)
  A hippogriff (D:5)
  Sigmund (D:5)
  Menkaure (D:6)
  The ghost of Synzig the Sneak, an amateur OpTm of Cheibriados (D:3)
  Edmund (D:4)
  A scorpion (D:5)
  5 crimson imps
  2 jellies (D:1)
  2 centaur zombies
  3 hounds
  A bullfrog skeleton (D:4)
  An orc wizard (D:6)
  2 worker ants
  An iguana (D:5)
  9 adders
  2 gnolls (D:4)
  2 oozes
  2 worms
  A leopard gecko (D:5)
  13 orcs
  2 ball pythons
  4 hobgoblins
  A frilled lizard (D:3)
  2 goblins
  5 kobolds
  A quokka zombie (D:5)
  4 rats (D:3)
71 creatures vanquished.

Vanquished Creatures (others)
  A hippogriff zombie (D:5)
  A hound zombie (D:5)
  A worker ant zombie (D:4)
  An iguana zombie (D:6)
  A giant cockroach zombie (D:4)
  A hobgoblin zombie (D:3)
  7 orc zombies
  A quokka zombie (D:6)
14 creatures vanquished.

Grand Total: 170 creatures vanquished

Notes
Turn   | Place    | Note
-------+----------+-------------------------------------------
     0 | D:1      | Falco the Spriggan Wizard began the quest for the Orb.
     0 | D:1      | Reached XP level 1. HP: 9/9 MP: 6/6
     0 | D:1      | Noticed a jelly
     1 | D:1      | Found a runed door.
   148 | D:1      | Reached XP level 2. HP: 13/13 MP: 1/8
   152 | D:1      | Learned a level 2 spell: Blink
   249 | D:1      | Learned a level 2 spell: Call Imp
   252 | D:1      | Learned a level 2 spell: Slow
   463 | D:1      | Reached skill level 5 in Spellcasting
   623 | D:1      | Reached XP level 3. HP: 16/16 MP: 4/10
   633 | D:1      | Reached skill level 1 in Conjurations
   640 | D:1      | Learned a level 3 spell: Mephitic Cloud
  1095 | D:1      | Reached skill level 1 in Axes
  1095 | D:1      | Reached XP level 4. HP: 21/21 MP: 2/12
  1184 | D:2      | Found a basalt altar of Yredelemnul.
  1189 | D:2      | Became a worshipper of Yredelemnul the Dark
  1504 | D:2      | HP: 1/21 [poisoned by an adder]
  1724 | D:2      | Learned a level 3 spell: Conjure Flame
  2352 | D:2      | Reached XP level 5. HP: 24/24 MP: 8/14
  2481 | D:2      | Reached skill level 1 in Summonings
  3185 | D:2      | Found a shadowy altar of Dithmenos.
  3456 | D:3      | Reached skill level 6 in Spellcasting
  3473 | D:3      | Reached * piety under Yredelemnul
  3804 | D:3      | Noticed Synzig's ghost (amateur OpTm)
  3811 | D:3      | Killed Synzig's ghost
  3843 | D:3      | Reached XP level 6. HP: 28/28 MP: 10/16
  3910 | D:3      | Found an ancient bone altar of Kikubaaqudgha.
  4395 | D:3      | Found a blossoming altar of Fedhas.
  4422 | D:3      | Noticed an oklob plant
  4821 | D:4      | Reached ** piety under Yredelemnul
  4925 | D:4      | Noticed Edmund
  4972 | D:4      | Killed Edmund
  4972 | D:4      | Reached skill level 7 in Spellcasting
  5019 | D:4      | Found a deep blue altar of Sif Muna.
  5447 | D:4      | Reached XP level 7. HP: 32/32 MP: 12/18
  5526 | D:4      | Found a hide-covered altar of Uskayaw.
  5526 | D:4      | Found a faded altar of an unknown god.
  5564 | D:4      | Found a faded altar of an unknown god.
  5566 | D:4      | Found a stormy altar of Qazlal.
  5568 | D:4      | Found a glowing golden altar of the Shining One.
  5756 | D:5      | Entered Level 5 of the Dungeon
  5838 | D:5      | Noticed a hippogriff
  6095 | D:5      | Killed a hippogriff
  6232 | D:5      | Found a shimmering altar of Xom.
  6339 | D:5      | Reached skill level 1 in Invocations
  6425 | D:5      | Upgraded the game from 0.22-a0-374-g5dfd9e3 to 0.22-a0-377-g846bec1
  6504 | D:5      | Noticed Sigmund
  6626 | D:5      | Killed Sigmund
  6626 | D:5      | Reached skill level 8 in Spellcasting
  6921 | D:5      | Found Pinanum's Magic Scroll Shoppe.
  6924 | D:5      | Bought a scroll of identify for 30 gold pieces
  6924 | D:5      | Bought a scroll of identify for 30 gold pieces
  6924 | D:5      | Bought a scroll of identify for 30 gold pieces
  6924 | D:5      | Bought a scroll of enchant armour for 112 gold pieces
  7385 | D:6      | Found Xigeboat's Distillery.
  7438 | D:6      | Found a staircase to the Ecumenical Temple.
  7453 | D:6      | Found a white marble altar of Elyvilon.
  7472 | D:6      | Found an iron altar of Okawaru.
  7473 | D:6      | Found a radiant altar of Vehumet.
  7509 | D:6      | Reached XP level 8. HP: 32/37 MP: 17/21
  7584 | D:6      | Noticed Menkaure
  7654 | D:6      | Killed Menkaure
  7786 | D:6      | Reached *** piety under Yredelemnul
  8018 | D:6      | You fall through a shaft for 2 floors!
  8018 | D:8      | Noticed Psyche
  8111 | D:8      | Found an opulent altar of Gozag.
  8132 | D:8      | Quit the game

Vault maps used:
D:1:      dpeg_arrival_caged_fury
D:2:      yredelemnul_forgotten_temple_becter, lemuel_crystal_altar
D:3:      cheibrodos_pilgrimage, tgw_fedhas, lemuel_round_altar
D:4:      chequers_temple_overflow_minitemple, led_sif_pool, uniq_edmund
D:5:      kennysheep_big_flooded_room, first_ration, serial_shops,
          nicolae_shop_behind_doors, serial_glass, glass_columns_c,
          glass_columns_b, led_xom_imps, uniq_sigmund
D:6:      minitemple, minmay_temple_entry_overgrown, serial_shops, shop,
          uniq_menkaure
D:8:      grunt_gozag_statues, hangedman_ranch, uniq_psyche

Skill      XL: |  1  2  3  4  5  6  7  8 |
---------------+-------------------------+-----
Spellcasting   | 5 6 7 8 |  8.8
Conjurations   | 1 |  1.6
Axes           | 1 2 |  2.0
Stealth        | 4 |  4.7
Summonings     | 1 2 3 4 |  4.1
Invocations    | 1 |  1.3
Dodging        | 4 |  4.0
Fighting       | |  0.6
Translocations | |  1.5
Fire Magic     | |  0.1

Action                   |  1- 3 |  4- 6 |  7- 9 || total
-------------------------+-------+-------+-------++-------
Melee: Hand axe          |    40 |   110 |    34 ||   184
Throw: Stone             |       |     1 |       ||     1
 Cast: Magic Dart        |    62 |    90 |    42 ||   194
       Call Imp          |     4 |    68 |    69 ||   141
       Mephitic Cloud    |     1 |     1 |       ||     2
       Conjure Flame     |       |     4 |     1 ||     5
       Blink             |       |       |     1 ||     1
Invok: Animate Remains   |       |     9 |     7 ||    16
  Use: Potion            |       |     4 |       ||     4
       Scroll            |       |     5 |     5 ||    10
 Stab: Sleeping          |       |     4 |       ||     4
       Distracted        |       |       |     2 ||     2
  Eat: Ration            |       |     3 |     2 ||     5
Armor: Robe              |     4 |     8 |     4 ||    16
       Skin              |       |     5 |       ||     5
Dodge: Dodged            |    44 |   106 |    40 ||   190

Table legend:
 A = Spawn XP
 B = Non-spawn XP
 C = Spawn XP percentage of total XP
 D = Spawn monster count
 E = Non-spawn monster count
 F = Spawn count percentage of total count
 G = Total turns spent on level
                    A         B        C        D         E        F      G
               +---------+---------+-------+---------+---------+-------+---------
         Total |       0 |    1673 |   0.0 |       0 |     156 |   0.0 |  8132
               +---------+---------+-------+---------+---------+-------+---------
           D:1 |       0 |     140 |   0.0 |       0 |      43 |   0.0 |  1180
           D:2 |       0 |     116 |   0.0 |       0 |      27 |   0.0 |  2181
           D:3 |       0 |     212 |   0.0 |       0 |      40 |   0.0 |  1377
           D:4 |       0 |     273 |   0.0 |       0 |      15 |   0.0 |  1018
           D:5 |       0 |     517 |   0.0 |       0 |      19 |   0.0 |  1617
           D:6 |       0 |     390 |   0.0 |       0 |      11 |   0.0 |   645
           D:8 |       0 |      25 |   0.0 |       0 |       1 |   0.0 |   114
               +---------+---------+-------+---------+---------+-------+---------
